 Dungeon Crawl Stone Soup version 0.19.0-9-gfd783f2 (webtiles) character file.

3 AAAAA the Grasshopper (level 1, 0/14 HPs)
             Began as an Octopode Warper on Nov 7, 2016.
             Slain by a hobgoblin
             ... wielding a +0 club
              (5 damage)
             ... on level 1 of the Dungeon.
             The game lasted 00:00:32 (149 turns).

AAAAA the Grasshopper (Octopode Warper)              Turns: 149, Time: 00:00:33

Health: 0/14       AC:  1    Str: 10    XL:     1   Next: 50%
Magic:  3/3        EV: 13    Int: 15    God:
Gold:   17         SH:  0    Dex: 11    Spells: 0 memorised, 4 levels left

rFire  . . .     SeeInvis .       - Unarmed
rCold  . . .     Gourm    .     (no shield)
rNeg   . . .     Faith    .     (helmet restricted)
rPois  .         Spirit   .     (no amulet)
rElec  .         Reflect  .     (no ring)
rCorr  .         Harm     .     (no ring)
MR     .....                    (no ring)
Stlth  +++.......               (no ring)
                                (no ring)
                                (no ring)
                                (no ring)
                                (no ring)

@: no status effects
A: almost no armour, stealthy swim, amphibious, 8 rings, constrict 8, camouflage
1, gelatinous body 1
a: no special abilities


You were on level 1 of the Dungeon.
You were not hungry.

You visited 1 branch of the dungeon, and saw 1 of its levels.

You collected 17 gold pieces.

Inventory:

Missiles
 c - 5 tomahawks of dispersal (quivered)
 e - 12 stones
Scrolls
 b - a scroll of blinking
Books
 a - a book of Spatial Translocations

   Spells                             Type                      Level
   a - Blink                          Translocation                2
   b - Shroud of Golubria             Charms/Translocation         2
   c - Lesser Beckoning               Translocation                3
   d - Portal Projectile              Translocation                3
   e - Teleport Other                 Translocation                3
   f - Passage of Golubria            Translocation                4
Comestibles
 d - a bread ration


   Skills:
 - Level 2.0 Fighting
 - Level 1.0 Throwing
 - Level 2.3 Dodging
 + Level 1.5 Stealth
 - Level 2.0 Unarmed Combat
 - Level 2.0 Spellcasting
   Level 3.0 Translocations


You had 4 spell levels left.
You didn't know any spells.

Dungeon Overview and Level Annotations

Branches:
Dungeon (1/15)

Altars:


Innate Abilities, Weirdness & Mutations

You cannot wear most types of armour.
You are very stealthy in the water. (Stealth+)
You are amphibious.
You can wear up to eight rings at the same time.
You can use your tentacles to constrict eight enemies at once.
Your skin changes colour to match your surroundings (Stealth+).
Your rubbery body absorbs attacks. (AC +1, EV +1)


Message History

You barely miss the ooze.
The ooze is moderately wounded.
The ooze barely misses you. The bat barely misses you.
You tentacle-slap the ooze but do no damage.
The ooze is moderately wounded.
The bat hits you but does no damage. The ooze barely misses you.
You tentacle-slap the ooze. You squeeze the ooze.
The ooze is severely wounded.
The bat hits you but does no damage. The ooze hits you.
You tentacle-slap the ooze.
The ooze is almost dead.
The bat misses you. The ooze barely misses you.
The hobgoblin barely misses you.
You tentacle-slap the ooze but do no damage.
The ooze is almost dead.
The bat misses you. The ooze hits you.
You tentacle-slap the ooze but do no damage.
The ooze is almost dead.
The bat misses you. The hobgoblin hits you with a club.
You die...

...#################....#
........................#
...################.....#
...# ####.....# .†.# .
#........# ...# ..[
#...#....# #.##
....####...##...#
#(####..?!.....g........#
...............J@b........
..............##..#.#######
............. #....#
......#.##.. ...### ......#
... ....# ........$g .....#
......... ###...# ......#.
..... ..#...#


You could see an ooze, a hobgoblin and a bat.

Vanquished Creatures
  A bat (D:1)
  A hobgoblin (D:1)
  A kobold (D:1)
3 creatures vanquished.

Notes
Turn   | Place    | Note
-------+----------+-------------------------------------------
     0 | D:1      | AAAAA the Octopode Warper began the quest for the Orb.
     0 | D:1      | Reached XP level 1. HP: 14/14 MP: 3/3
    21 | D:1      | Reached skill level 1 in Stealth
   149 | D:1      | Slain by a hobgoblin

Skill      XL: |  1 |
---------------+----+-----
Stealth        | 1 |  1.5
Fighting       | |  2.0
Throwing       | |  1.0
Dodging        | |  2.3
Unarmed Combat | |  2.0
Spellcasting   | |  2.0
Translocations | |  3.0

Action                   || total
-------------------------++-------
Melee: Unarmed           ||    21
       Constrict         ||     6
       Tentacles         ||     1
 Stab: Sleeping          ||     2
Armor: Skin              ||     5
Dodge: Dodged            ||    23
